 Dungeon Crawl Stone Soup version 0.30-a0-613-gdd512c7efb (webtiles) character file.

Game seed: 17847647311751899126

35 wormed the Slasher (level 3, -10/28 HPs)
             Began as a Formicid Gladiator on Jan 9, 2023.
             Mangled by a gnoll
             ... wielding a +0 halberd
              (15 damage)
             ... on level 2 of the Dungeon.
             The game lasted 00:02:46 (1098 turns).

wormed the Slasher (Formicid Gladiator)             Turns: 1098, Time: 00:02:46

Health: -10/28     AC:  3    Str: 18    XL:     3   Next: 55%
Magic:  3/3        EV: 13    Int:  7    God:
Gold:   67         SH:  0    Dex: 17    Spells: 2/2 levels left

rFire   . . .      SeeInvis +    a - +0 long sword
rCold   . . .      Faith    .    (no shield)
rNeg    . . .      Spirit   .    b - +0 leather armour
rPois   .          Reflect  .    (helmet unavailable)
rElec   .          Harm     .    (no cloak)
rCorr   .          Rampage  .    (no gloves)
Will    .....                    (no boots)
Stlth   +                        h - amulet of regeneration
HPRegen 1.04/turn                (no ring)
MPRegen 0.08/turn                (no ring)

@: no status effects
A: permanent stasis, dig shafts and tunnels, antennae 3, four strong arms
a: Dig, Shaft Self


You were on level 2 of the Dungeon.
You visited 1 branch of the dungeon, and saw 2 of its levels.

You collected 67 gold pieces.

Inventory:

Hand Weapons
 a - a +0 long sword (weapon)
Missiles
 c - 3 throwing nets (quivered)
 d - a javelin
Armour
 b - a +0 leather armour (worn)
Jewellery
 h - an amulet of regeneration (around neck)
Wands
 f - a wand of polymorph (8)
Scrolls
 e - a scroll of enchant weapon {unknown}
 g - a scroll of identify
 i - a scroll of silence {unknown}


   Skills:
 + Level 2.5 Fighting
 * Level 3.5 Long Blades
 + Level 2.2 Throwing
 + Level 1.0 Armour
 + Level 2.9 Dodging


You had 2 spell levels left.
You didn't know any spells.
Your spell library was empty.

Dungeon Overview and Level Annotations

Branches:
Dungeon (2/15)

Altars:


Innate Abilities, Weirdness & Mutations

You cannot be hasted, slowed, berserked, paralysed or teleported.
You can dig through walls and to a lower floor.
You have a pair of large antennae on your head. (SInv)
Your four strong arms can wield two-handed weapons with a shield.


Message History

No target in view!
No target in view!
No target in view!
No target in view!
No target in view!
No target in view!
No target in view!
No target in view!
No target in view!
No target in view!
No target in view!
No target in view!
A gnoll comes into view. It is wielding a +0 halberd.
The gnoll shouts!
You hear a shout!
Things that are here:
a +0 spear; a rat corpse; a gnoll corpse A gnoll is nearby!
A gnoll is nearby!
The gnoll closely misses you.
You hit the gnoll but do no damage. The gnoll hits you with a +0 halberd!
The gnoll completely misses you.
A gnoll comes into view. It is wielding a +0 halberd.
You barely miss the gnoll. The gnoll completely misses you. x2
You slash the gnoll!
The gnoll is severely wounded.
The gnoll hits you with a +0 halberd!
The gnoll hits you from afar with a +0 halberd!
* * * LOW HITPOINT WARNING * * *
You are too injured to fight recklessly!
You are too injured to fight recklessly!
You are too injured to fight recklessly!
You are too injured to fight recklessly!
You are too injured to fight recklessly!
You are too injured to fight recklessly!
You are too injured to fight recklessly!
You are too injured to fight recklessly!
You are too injured to fight recklessly!
The gnoll hits you from afar with a +0 halberd!
Ouch! That really hurt!
You die...

#........# ##.## #.
####...#.################...###.
##.........................>.
#..###..#############...####
#..# #..# ##.##### ##.###.##
############...... #.....#
#.....>....####### ###.###
#.########.# #.# #@# #.# #.# #.#
#.# #.# #g#.# #.# # #.> .g# #.#
#.# # ### ### ## ##.## #
##...###### #.....##...
#......)... #.....##...


You could see 2 gnolls.

Vanquished Creatures
  A gnoll (D:2)
  3 ball pythons
  3 endoplasms (D:2)
  2 goblins (D:1)
  3 hobgoblins
  A quokka (D:2)
  3 bats
  6 kobolds
  A rat (D:2)
23 creatures vanquished.

Notes
Turn   | Place    | Note
-------+----------+-------------------------------------------
     0 | D:1      | wormed the Formicid Gladiator began the quest for the Orb.
     0 | D:1      | Reached XP level 1. HP: 16/16 MP: 1/1
   412 | D:1      | Reached XP level 2. HP: 22/23 MP: 2/2
   822 | D:2      | Reached XP level 3. HP: 28/28 MP: 3/3
  1087 | D:2      | Reached skill level 1 in Armour
  1098 | D:2      | Mangled by a gnoll

Illustrated notes

Levels and vault maps discovered:
D:1:      pf_arrival_petrified_forest, layout_basic,
          hangedman_abyss_or_decor_lesser_grid
D:2:      layout_loops_ring

Skill      XL: |  1  2  3 |
---------------+----------+-----
Armour         | 1 |  1.0
Fighting       | |  2.5
Long Blades    | |  3.5
Throwing       | |  2.2
Dodging        | |  2.9

Action                   || total
-------------------------++-------
Melee: Long sword        ||    58
  Use: Scroll            ||     2
       Potion            ||     1
 Stab: Sleeping          ||     1
Armor: Leather armour    ||    13
Dodge: Dodged            ||    36

Table legend: (Time is in decaauts)
 A = Elapsed time spent in this place.
 B = Non-inter-level travel time spent in this place.
 C = Inter-level travel time spent in this place.
 D = Time resting spent in this place.
 E = Time spent auto-exploring this place.
 F = Levels seen in this place.
 G = Mean time per level.
                   A        B        C        D        E       F      G
               +--------+--------+--------+--------+--------+-----+--------+
         Total |   1111 |   1105 |      6 |      0 |    907 |   2 |  555.5 |
       Dungeon |   1111 |   1105 |      6 |      0 |    907 |   2 |  555.5 |
               +--------+--------+--------+--------+--------+-----+--------+

Top non-repeatable levels by time:
     D:2: 563 daAuts
     D:1: 547 daAuts
